 Dungeon Crawl Stone Soup version 0.32-a0-485-g70f7560b1c (webtiles) character file.

Game seed: 15845159063160819953

9 jasper the Chopper (level 2, -2/39 HPs)
             Began as a Mountain Dwarf Berserker on Feb 26, 2024.
             Was a Follower of Trog.
             Slain by a hobgoblin (5 damage)
             ... on level 1 of the Dungeon.
             The game lasted 00:00:23 (275 turns).

jasper the Chopper (Mountain Dwarf Berserker)        Turns: 275, Time: 00:00:24

Health: -2/39      AC:  2    Str: 19    XL:     2   Next: 6%
Magic:  2/2        EV: 11    Int:  7    God:    Trog [*.....]
Gold:   16         SH:  0    Dex:  9    Spells: 1/1 levels left

rFire   . . .        a - +0 hand axe
rCold   . . .        (no shield)
rNeg    . . .        b - +0 animal skin
rPois   .            (no helmet)
rElec   .            (no cloak)
rCorr   .            (no gloves)
SInv    .            (no boots)
Will    .....        (no amulet) Stlth
                     (no ring)
HPRegen 0.26/turn    (no ring)
MPRegen 0.08/turn

%: no passive effects
@: berserking, very quick
A: runic magic, artefact enchanting
a: Renounce Religion, Berserk


You were on level 1 of the Dungeon.
You worshipped Trog.
Trog was aware of your devotion.
You visited 1 branch of the dungeon, and saw 1 of its levels.

You collected 16 gold pieces.

Inventory:

Hand Weapons
 a - a +0 hand axe (weapon)
Missiles
 c - 14 stones (quivered)
 f - 4 atropa-tipped darts
Armour
 b - a +0 animal skin (worn)
Jewellery
 d - a +6 ring of dexterity
Scrolls
 e - a scroll of identify {unknown}


   Skills:
 - Level 3.2 Fighting
 + Level 4.4 Axes
 - Level 2.1 Armour
 - Level 1.3 Dodging


You had one spell level left.
You didn't know any spells.
Your spell library was empty.

Dungeon Overview and Level Annotations

Branches:
Dungeon (1/15)

Altars:


Innate Abilities, Weirdness & Mutations

Your spellcasting is much less encumbered by armour.
You can use scrolls of enchantment on lesser artefacts.


Message History

You take 1 damage, and have 18/19 hp.
You closely miss the ball python. You closely miss the frilled lizard.
The hobgoblin shouts!
The ball python bites you. The ball python constricts you.
The frilled lizard bites you.
You take 5 damage, and have 13/19 hp.
MASSIVE DAMAGE!!
You slash the ball python!
You kill the ball python!
Trog accepts your kill.
You closely miss the frilled lizard. The frilled lizard bites you.
You have reached level 2!
You regained 5 hp, and now have 18/26 hp.
MP restored: 2 You hit the hobgoblin but do no damage.
You miss the frilled lizard. The frilled lizard misses you.
A ball python comes into view.
The ball python hisses angrily.
The frilled lizard closely misses you. The hobgoblin hits you. x2
You see here a ball python corpse.
You take 7 damage, and have 11/26 hp.
MASSIVE DAMAGE!!
You barely miss the hobgoblin. You miss the frilled lizard.
You hit the hobgoblin. You hit the dart slug. The frilled lizard bites you.
The hobgoblin hits you.
* * * LOW HITPOINT WARNING * * *
The hobgoblin hits you but does no damage.
The dart slug misses you.
You take 4 damage, and have 7/26 hp.
You hit the hobgoblin but do no damage. You closely miss the hobgoblin.
You hit the dart slug. You slash the frilled lizard!
You kill the frilled lizard!
Trog accepts your kill. The hobgoblin hits you.
* * * LOW HITPOINT WARNING * * *
The hobgoblin hits you but does no damage.
The dart slug bites you.
* * * LOW HITPOINT WARNING * * *
You take 5 damage, and have 2/26 hp.
A red film seems to cover your vision as you go berserk!
You feel yourself moving faster!
You feel mighty! The hobgoblin hits you.
You die...

## #.# #..###
#
###..#.#..###
#............
#....#####.#.
#...## #...#
#...#####..
#.†.g.....#
#.#@#####..
#..gwS#
#.#!#.#
#.#..... #
### ###


You could see a dart slug, 2 hobgoblins and a ball python.

Vanquished Creatures
  3 ball pythons (D:1)
  2 endoplasms (D:1)
  A giant cockroach (D:1)
  A quokka (D:1)
  A frilled lizard (D:1)
8 creatures vanquished.

Notes
Turn   | Place    | Note
-------+----------+-------------------------------------------
     0 | D:1      | jasper the Mountain Dwarf Berserker began the quest for the
                  | Orb.
     0 | D:1      | Reached XP level 1. HP: 19/19 MP: 1/1
   101 | D:1      | Reached skill level 4 in Axes
   271 | D:1      | Reached XP level 2. HP: 18/26 MP: 2/2
   275 | D:1      | Slain by a hobgoblin

Illustrated notes

Levels and vault maps discovered:
D:1:      dpeg_arrival_rhombi, layout_loops_ring, minivault_5, bh_walls_and_bars

Skill      XL: |  1 |
---------------+----+-----
Axes           | 4 |  4.4
Fighting       | |  3.2
Armour         | |  2.1
Dodging        | |  1.3

Action                     || total
---------------------------++-------
  Melee: Hand axe          ||    39
 Invoke: Berserk           ||     1
 Armour: Animal skin       ||    30
  Dodge: Dodged            ||    29

Table legend: (Time is in decaauts)
 A = Elapsed time spent in this place.
 B = Non-inter-level travel time spent in this place.
 C = Inter-level travel time spent in this place.
 D = Time resting spent in this place.
 E = Time spent auto-exploring this place.
 F = Levels seen in this place.
 G = Mean time per level.
                   A        B        C        D        E       F      G
               +--------+--------+--------+--------+--------+-----+--------+
         Total |    278 |    278 |      0 |      0 |    196 |   1 |  278.0 |
       Dungeon |    278 |    278 |      0 |      0 |    196 |   1 |  278.0 |
               +--------+--------+--------+--------+--------+-----+--------+

Top non-repeatable levels by time:
     D:1: 278 daAuts
